 Dungeon Crawl Stone Soup version 0.23.2-33-g5129a83184 (webtiles) character file.

Game seed: 17872469615519018597

60594 redmage the Thaumaturge (level 15, -5/117 HPs)
             Began as a Gnoll Skald on June 28, 2019.
             Was the Champion of Cheibriados.
             Slain by a shock serpent (6 damage)
             ... on level 3 of the Snake Pit.
             The game lasted 03:13:58 (7734 turns).

redmage the Thaumaturge (Gnoll Skald)               Turns: 7734, Time: 03:13:59

Health: -5/117     AC: 20    Str: 32    XL:     15   Next: 0%
Magic:  29/29      EV: 17    Int: 32    God:    Cheibriados [******]
Gold:   1228       SH:  0    Dex: 31    Spells: 20/35 levels left

rFire    + . .     SeeInvis .   a - +6 great sword
rCold    + . .     Gourm    .   (shield currently unavailable)
rNeg     . . .     Faith    .   J - +2 chain mail {rPois}
rPois    +         Spirit   .   T - +2 helmet
rElec    .         Reflect  .   v - scarf {rC+ rF+}
rCorr    +         Harm     .   E - +0 pair of gloves
MR       +....                  (no boots)
Stlth    ++........             t - amulet of magic regeneration
HPRegen  0.29/turn              H - ring of resist corrosion
MPRegen  0.46/turn              e - +2 ring of protection

@: constricted, very slow
A: distributed training, fangs 1, strong nose
a: Bend Time, Temporal Distortion, Slouch, Step From Time, Renounce Religion


You were on level 3 of the Snake Pit.
You worshipped Cheibriados.
Cheibriados was exalted by your worship.
You were not hungry.

You visited 5 branches of the dungeon, and saw 24 of its levels.
You also visited: Ossuary and Ice Cave.

You collected 1804 gold pieces.
You spent 576 gold pieces at shops.

Inventory:

Hand Weapons
 a - a +6 great sword (weapon)
 b - a +4 morningstar of holy wrath
 l - a +1 battleaxe of flaming
 G - a +4 glaive of venom
 N - the +2 rapier "Vonagixy" {freeze, +Fly}
   (You found it on level 5 of the Lair of Beasts)

   It has been specially enchanted to freeze those struck by it, causing extra
   injury to most foes and up to half again as much damage against particularly
   susceptible opponents.
   It can also slow down cold-blooded creatures.
   It lets you fly.
Missiles
 k - 7 javelins (quivered)
Armour
 v - a scarf of resistance (worn)
 E - a +0 pair of gloves (worn)
 J - a +2 chain mail of poison resistance (worn)
 P - a +0 plate armour
 Q - a +1 plate armour of cold resistance
 R - a +0 plate armour of magic resistance
 T - a +2 helmet (worn)
 U - a +4 ring mail
Jewellery
 e - a +2 ring of protection (right hand)
 g - an uncursed ring of positive energy
 t - an amulet of magic regeneration (around neck)
 y - an uncursed ring of wizardry
 z - an uncursed ring of ice
 H - a ring of resist corrosion (left hand)
Wands
 A - a wand of flame (50)
 B - a wand of enslavement (4)
 L - a wand of disintegration (26)
Scrolls
 c - 4 scrolls of enchant weapon
 f - 7 scrolls of remove curse
 n - 3 scrolls of magic mapping
 q - a scroll of enchant armour
 w - a scroll of silence
 x - a scroll of torment
 F - 4 scrolls of identify
 I - 4 scrolls of amnesia
 M - 2 scrolls of fear
 S - a scroll of fog
Potions
 h - 3 potions of brilliance
 i - a potion of resistance
 j - 4 potions of flight
 m - 4 potions of haste
 o - 2 potions of cancellation
 p - 3 potions of curing
 r - 3 potions of lignification
 s - 3 potions of might
 u - a potion of magic
 D - 4 potions of mutation
 K - a potion of invisibility
Miscellaneous
 O - a phial of floods
Comestibles
 d - 20 rations
 C - 4 chunks of flesh


   Skills:
 + Level 10.5 Fighting
 + Level 9.5 Short Blades
 + Level 10.5 Long Blades
 + Level 9.5 Axes
 + Level 9.5 Maces & Flails
 + Level 9.5 Polearms
 + Level 9.5 Staves
 + Level 9.5 Slings
 + Level 9.5 Bows
 + Level 9.5 Crossbows
 + Level 9.5 Throwing
 + Level 9.9 Armour
 + Level 10.5 Dodging
 + Level 9.5 Stealth
 + Level 9.5 Shields
 + Level 9.5 Unarmed Combat
 + Level 10.7 Spellcasting
 + Level 8.0 Conjurations
 + Level 8.0 Hexes
 + Level 9.7 Charms
 + Level 8.0 Summonings
 + Level 8.0 Necromancy
 + Level 8.0 Translocations
 + Level 8.0 Transmutations
 + Level 8.0 Fire Magic
 + Level 8.0 Ice Magic
 + Level 8.0 Air Magic
 + Level 8.0 Earth Magic
 + Level 8.0 Poison Magic
 + Level 10.3 Invocations
 + Level 9.5 Evocations


You had 20 spell levels left.
You knew the following spells:

 Your Spells              Type           Power        Failure   Level  Hunger
a - Infusion              Chrm           ####         1%          1    None
b - Song of Slaying       Chrm           ######..     1%          2    None
c - Shroud of Golubria    Chrm/Tloc      ######....   1%          2    None
d - Regeneration          Chrm/Necr      ######....   1%          3    None
e - Passwall              Tmut/Erth      ######..     1%          2    None
f - Stone Arrow           Conj/Erth      ######       1%          3    None
g - Animate Skeleton      Necr           N/A          1%          1    None
h - Apportation           Tloc           ######       1%          1    None

Your spell library contained the following spells:

 Spells                   Type           Power        Failure   Level  Hunger
 Confusing Touch          Hex            ######       1%          1    None
 Corona                   Hex            ######.      1%          1    None
 Sandblast                Erth           ######       1%          1    None
 Shock                    Conj/Air       ####         1%          1    None
 Sting                    Conj/Pois      ####         1%          1    None
 Summon Small Mammal      Summ           ####         1%          1    None
 Ensorcelled Hibernation  Hex/Ice        ######       1%          2    None
 Poisonous Vapours        Pois/Air       ######       1%          2    None
 Slow                     Hex            ######..     1%          2    None
 Swiftness                Chrm/Air       ######..     1%          2    None
 Confuse                  Hex            ######..     1%          3    None
 Dazzling Spray           Conj/Hex       ######       1%          3    None
 Inner Flame              Hex/Fire       ######..     1%          3    None
 Mephitic Cloud           Conj/Pois/Air  ######..     1%          3    None
 Portal Projectile        Hex/Tloc       ######       1%          3    None
 Spectral Weapon          Hex/Chrm       ######..     1%          3    None
 Static Discharge         Conj/Air       ######..     1%          3    None
 Tukima's Dance           Hex            ######..     1%          3    None
 Airstrike                Air            ######....   3%          4    None
 Cause Fear               Hex            ######....   3%          4    None
 Leda's Liquefaction      Hex/Erth       ######....   3%          4    None
 Olgreb's Toxic Radiance  Pois           ######..     3%          4    None
 Petrify                  Tmut/Erth      ######..     3%          4    None
 Lee's Rapid Deconstruct  Erth           ######....   11%         5    ##.....
 Lightning Bolt           Conj/Air       ######....   11%         5    ##.....
 Venom Bolt               Conj/Pois      ######....   11%         5    ##.....


Dungeon Overview and Level Annotations

Branches:
Dungeon (12/15)            Temple (1/1) D:5            Lair (6/6) D:9
 Shoals (0/4) Lair:3        Snake (3/4) Lair:4        Slime (0/5) Lair:6
    Orc (2/2) D:9
    Elf: Orc:2

Altars:
Ashenzari
Cheibriados
Elyvilon
Fedhas
Hepliaklqana
Kikubaaqudgha
Nemelex Xobeh
Ru
Sif Muna
Trog
Uskayaw
Wu Jian
Xom
Yredelemnul
Beogh
Jiyva

Shops:
D:6 :   Orc:2 ([?:


Innate Abilities, Weirdness & Mutations

Your experience applies equally to all skills.
You have very sharp teeth.
Your uncanny sense of smell can sniff out nearby items.


Message History

You slash the naga warrior!
The naga warrior is lightly wounded.
The shock serpent bites you but does no damage.
The shock serpent misses you.
The naga warrior hits you but does no damage.
The naga warrior constricts you.
A mana viper comes into view.
The naga mage gestures wildly while chanting.
The naga mage seems to speed up.
You closely miss the shock serpent.
The shock serpent shoots out a bolt of lightning at you!
The bolt of electricity hits you!!
The bolt of electricity hits your naga skeleton!!
Your naga skeleton is destroyed!
The bolt of electricity hits you!!
* * * LOW HITPOINT WARNING * * *
The naga warrior hits you with a +0 halberd!
* * * LOW HITPOINT WARNING * * *
x2 The naga warrior constricts you.
The shock serpent bites you.
You die...

..#..# ##.....
...N..#
###....$. ...
...######
###.##S.#....##
.......SN......
# # #.#.@#
#.#.#.#Z)#.##
#...#..Z....#
#..Z#.#.$.#
###.#.#...#
###...#.....
###.....#..###.
#......##...#
#.........#.#


You could see a naga warrior, a shock serpent, a mana viper, a naga, 2 friendly
naga mage skeletons and a friendly salamander skeleton.

Vanquished Creatures
  3 orc warlords
  2 hydras
  A two-headed ogre (D:11)
  Erica (D:9)
  7 death yaks
  An orc high priest (D:9)
  3 naga sharpshooters
  2 shock serpents
  4 orc knights
  5 orc sorcerers
  A mana viper (Snake:2)
  3 salamanders
  3 ugly things
  7 elephants
  4 black mambas
  A merfolk siren (Lair:3)
  3 naga magi
  17 spiny frogs
  2 gargoyles (D:11)
  A torpor snail (Lair:6)
  2 centaur skeletons
  3 komodo dragons
  2 merfolk (Lair:3)
  3 trolls
  15 blink frogs
  8 hippogriffs
  23 yaks
  A wyvern (Lair:4)
  4 vampire mosquitoes (Lair:6)
  A steam dragon (D:10)
  4 wargs
  15 water moccasins
  7 nagas
  3 sky beasts
  8 porcupines
  36 orc warriors
  9 ice beasts
  2 phantoms
  6 wolves (Lair:6)
  8 ogres
  4 centaurs
  15 crocodiles
  A big kobold (D:11)
  12 bullfrogs
  2 water moccasin zombies (Ossuary)
  3 scorpions
  4 killer bees (D:9)
  5 wights (D:9)
  An electric eel (Lair:5)
  A centaur zombie (D:5)
  A crimson imp (D:8)
  A bullfrog zombie (D:8)
  6 hounds
  3 jellies
  16 orc priests
  21 orc wizards
  3 human skeletons (D:4)
  2 iguanas
  A worker ant (D:6)
  3 big kobold zombies (Ossuary)
  A hound skeleton (D:4)
  2 mummies (Ossuary)
  9 gnolls
  6 adders
  A shadow imp (D:11)
  2 oozes (D:2)
  An adder skeleton (D:8)
  5 adder zombies (Ossuary)
  3 worms
  3 leopard geckos
  81 orcs
  A bat (D:3)
  3 gnoll zombies (Ossuary)
  5 goblins
  4 hobgoblins
  3 jackals (D:1)
  A quokka (D:2)
  A ball python (D:8)
  3 frilled lizards
  5 hobgoblin zombies (Ossuary)
  A kobold (D:2)
  4 kobold zombies (Ossuary)
  A leopard gecko zombie (D:6)
  3 orc skeletons (D:4)
  3 orc zombies (Ossuary)
  2 rats
490 creatures vanquished.

Vanquished Creatures (collateral kills)
  A death yak (Lair:5)
  An orc high priest (Orc:1)
  8 elephants (Lair:6)
  A black mamba (Lair:4)
  6 spiny frogs (Lair:6)
  A komodo dragon (Lair:6)
  3 tyrant leeches (Lair:6)
  A troll (Orc:1)
  14 blink frogs (Lair:6)
  A hippogriff (Lair:4)
  3 yaks (Lair:6)
  2 vampire mosquitoes (Lair:6)
  2 orc warriors
  An ogre (Orc:2)
  5 bullfrogs (Lair:6)
  2 electric eels (Lair:6)
  2 orc priests
  2 adders (Lair:4)
  4 orcs
  A ball python (Lair:4)
  2 fungi
  7 plants
70 creatures vanquished.

Vanquished Creatures (others)
  An orc (D:9)
  2 bushes (Lair:3)
  24 fungi
  53 plants
80 creatures vanquished.

Grand Total: 640 creatures vanquished

Notes
Turn   | Place    | Note
-------+----------+-------------------------------------------
     0 | D:1      | redmage the Gnoll Skald began the quest for the Orb.
     0 | D:1      | Reached XP level 1. HP: 20/20 MP: 6/6
    68 | D:1      | Reached XP level 2. HP: 24/26 MP: 3/7
   171 | D:2      | Found a hide-covered altar of Uskayaw.
   183 | D:2      | Learned a level 2 spell: Song of Slaying
   186 | D:2      | Learned a level 2 spell: Shroud of Golubria
   353 | D:2      | Reached XP level 3. HP: 25/31 MP: 9/9
   393 | D:2      | Reached skill level 5 in Spellcasting
   399 | D:2      | Learned a level 3 spell: Regeneration
   543 | D:3      | Found a deep blue altar of Sif Muna.
   679 | D:4      | Reached skill level 1 in Short Blades
   679 | D:4      | Reached skill level 1 in Axes
   679 | D:4      | Reached skill level 1 in Maces & Flails
   679 | D:4      | Reached skill level 1 in Polearms
   679 | D:4      | Reached skill level 1 in Staves
   679 | D:4      | Reached skill level 1 in Slings
   679 | D:4      | Reached skill level 1 in Bows
   679 | D:4      | Reached skill level 1 in Crossbows
   679 | D:4      | Reached skill level 1 in Throwing
   679 | D:4      | Reached skill level 1 in Stealth
   679 | D:4      | Reached skill level 1 in Shields
   679 | D:4      | Reached skill level 1 in Unarmed Combat
   679 | D:4      | Reached skill level 1 in Invocations
   679 | D:4      | Reached skill level 1 in Evocations
   679 | D:4      | Reached XP level 4. HP: 24/38 MP: 11/11
   731 | D:4      | Reached skill level 1 in Conjurations
   731 | D:4      | Reached skill level 1 in Hexes
   731 | D:4      | Reached skill level 1 in Summonings
   731 | D:4      | Reached skill level 1 in Necromancy
   731 | D:4      | Reached skill level 1 in Translocations
   731 | D:4      | Reached skill level 1 in Transmutations
   731 | D:4      | Reached skill level 1 in Fire Magic
   731 | D:4      | Reached skill level 1 in Ice Magic
   731 | D:4      | Reached skill level 1 in Air Magic
   731 | D:4      | Reached skill level 1 in Earth Magic
   731 | D:4      | Reached skill level 1 in Poison Magic
   734 | D:4      | Found a sand-covered staircase.
   735 | D:4      | Reached XP level 5. HP: 36/43 MP: 8/12
   739 | Ossuary  | Entered an ossuary
   851 | Ossuary  | Reached XP level 6. HP: 43/50 MP: 6/13
   991 | Ossuary  | Reached skill level 5 in Fighting
   991 | Ossuary  | Reached skill level 5 in Long Blades
   991 | Ossuary  | Reached skill level 5 in Dodging
  1116 | D:5      | Entered Level 5 of the Dungeon
  1274 | D:4      | Reached XP level 7. HP: 21/56 MP: 7/15
  1528 | D:5      | Found a deep blue altar of Sif Muna.
  1538 | D:5      | Learned a level 2 spell: Passwall
  1539 | D:5      | Found a shattered altar of Ashenzari.
  1623 | D:5      | Found a staircase to the Ecumenical Temple.
  1631 | Temple   | Entered the Ecumenical Temple
  1772 | D:5      | Found a runed translucent door.
  1871 | D:5      | Reached XP level 8. HP: 43/63 MP: 16/16
  1905 | D:5      | Learned a level 3 spell: Stone Arrow
  2088 | D:5      | Found a roughly hewn altar of Beogh.
  2229 | D:6      | Found Olup's Book Emporium.
  2251 | D:5      | Found a blossoming altar of Fedhas.
  2321 | D:6      | Found a snail-covered altar of Cheibriados.
  2329 | D:6      | Became a worshipper of Cheibriados the Contemplative
  2376 | D:7      | Reached XP level 9. HP: 69/69 MP: 18/18
  2543 | D:8      | Reached * piety under Cheibriados
  2585 | D:10     | Entered Level 10 of the Dungeon
  2600 | D:10     | Reached skill level 5 in Armour
  2644 | D:9      | Noticed Erica
  2727 | D:11     | Reached skill level 5 in Invocations
  2818 | D:11     | Found a frozen archway.
  2841 | IceCv    | Entered an ice cave
  2841 | IceCv    | Noticed a white ugly thing
  2862 | IceCv    | Killed a cyan ugly thing
  2862 | IceCv    | Reached XP level 10. HP: 77/77 MP: 20/20
  2872 | IceCv    | Reached skill level 5 in Short Blades
  2872 | IceCv    | Reached skill level 5 in Axes
  2872 | IceCv    | Reached skill level 5 in Maces & Flails
  2872 | IceCv    | Reached skill level 5 in Polearms
  2872 | IceCv    | Reached skill level 5 in Staves
  2872 | IceCv    | Reached skill level 5 in Slings
  2872 | IceCv    | Reached skill level 5 in Bows
  2872 | IceCv    | Reached skill level 5 in Crossbows
  2872 | IceCv    | Reached skill level 5 in Throwing
  2872 | IceCv    | Reached skill level 5 in Stealth
  2872 | IceCv    | Reached skill level 5 in Shields
  2872 | IceCv    | Reached skill level 5 in Unarmed Combat
  2872 | IceCv    | Reached skill level 5 in Evocations
  2881 | IceCv    | Found a transporter.
  2905 | IceCv    | Noticed an ice statue
  2905 | IceCv    | Noticed an ice statue
  2905 | IceCv    | Noticed a white ugly thing
  2906 | IceCv    | Found a transporter.
  2970 | D:11     | Reached ** piety under Cheibriados
  2998 | D:11     | Noticed a gargoyle
  3020 | D:11     | Killed a gargoyle
  3034 | D:11     | Noticed a green ugly thing
  3053 | D:11     | Killed a red ugly thing
  3151 | D:12     | Noticed a two-headed ogre
  3163 | D:11     | Killed a two-headed ogre
  3236 | D:12     | Noticed a gargoyle
  3242 | D:10     | Noticed a gargoyle
  3251 | D:11     | Killed a gargoyle
  3266 | D:12     | Noticed a green ugly thing
  3266 | D:12     | Noticed a green ugly thing
  3380 | D:10     | Reached XP level 11. HP: 79/84 MP: 14/22
  3496 | D:10     | Got a dazzling leather armour
  3507 | D:10     | Identified the cursed +0 leather armour of Qeobeset {rN+
                  | Str+4 Int-2} (You found it on level 10 of the Dungeon)
  3713 | D:9      | Noticed a red ugly thing
  3718 | D:9      | Killed Erica
  3747 | D:9      | Reached *** piety under Cheibriados
  3747 | D:9      | Reached skill level 5 in Conjurations
  3747 | D:9      | Reached skill level 5 in Hexes
  3747 | D:9      | Reached skill level 5 in Summonings
  3747 | D:9      | Reached skill level 5 in Necromancy
  3747 | D:9      | Reached skill level 5 in Translocations
  3747 | D:9      | Reached skill level 5 in Transmutations
  3747 | D:9      | Reached skill level 5 in Fire Magic
  3747 | D:9      | Reached skill level 5 in Ice Magic
  3747 | D:9      | Reached skill level 5 in Air Magic
  3747 | D:9      | Reached skill level 5 in Earth Magic
  3747 | D:9      | Reached skill level 5 in Poison Magic
  3845 | D:9      | Killed a red ugly thing
  3890 | D:9      | Found a staircase to the Lair.
  3916 | D:9      | Learned a level 1 spell: Animate Skeleton
  3918 | D:9      | Learned a level 1 spell: Apportation
  3954 | D:9      | Reached **** piety under Cheibriados
  3994 | D:9      | Found a staircase to the Orcish Mines.
  4021 | Orc:1    | Entered Level 1 of the Orcish Mines
  4048 | Orc:1    | Noticed an orc high priest
  4054 | Orc:1    | Noticed an orc high priest
  4055 | Orc:1    | Noticed an orc knight
  4125 | Lair:1   | Entered Level 1 of the Lair of Beasts
  4272 | Lair:2   | Noticed an eight-headed hydra
  4283 | Lair:2   | Killed a four-headed hydra
  4405 | Lair:3   | Noticed a death yak
  4408 | Lair:3   | Noticed a death yak
  4410 | Lair:3   | Noticed a death yak
  4417 | Lair:3   | Reached XP level 12. HP: 80/93 MP: 24/24
  4596 | Lair:3   | Found a staircase to the Shoals.
  4645 | Lair:3   | Noticed a death yak
  4815 | Lair:5   | Noticed a death yak
  4821 | Lair:5   | Reached ***** piety under Cheibriados
  4834 | Lair:5   | Noticed a death yak
  4835 | Lair:5   | Noticed a death yak
  4839 | Lair:5   | Noticed a death yak
  4842 | Lair:5   | Noticed a death yak
  4842 | Lair:5   | Noticed a death yak
  4845 | Lair:6   | Entered Level 6 of the Lair of Beasts
  4904 | Lair:6   | Found a viscous altar of Jiyva.
  4904 | Lair:6   | Found a staircase to the Slime Pits.
  5016 | Lair:6   | Reached XP level 13. HP: 12/101 MP: 26/26
  5119 | Lair:6   | Reached ****** piety under Cheibriados
  5648 | Lair:5   | Got a blackened rapier
  5649 | Lair:5   | Identified the +2 rapier "Vonagixy" {freeze, +Fly} (You
                  | found it on level 5 of the Lair of Beasts)
  5787 | Lair:5   | Reached skill level 10 in Spellcasting
  5876 | Lair:4   | Reached XP level 14. HP: 99/109 MP: 28/28
  5892 | Lair:4   | Found a staircase to the Snake Pit.
  6176 | Orc:1    | Reached skill level 10 in Fighting
  6176 | Orc:1    | Reached skill level 10 in Long Blades
  6176 | Orc:1    | Reached skill level 10 in Dodging
  6183 | Orc:1    | Noticed an orc warlord
  6257 | Orc:1    | Killed an orc warlord
  6328 | Orc:1    | Noticed an orc warlord
  6343 | Orc:1    | Killed an orc warlord
  6383 | Orc:1    | Got a steaming iron ring
  6385 | Orc:1    | Identified the ring of Wonder {rF- Int+5 Stlth-} (You found
                  | it on level 1 of the Orcish Mines)
  6447 | Orc:2    | Entered Level 2 of the Orcish Mines
  6476 | Orc:2    | Found a roughly hewn altar of Beogh.
  6521 | Orc:2    | Found a roughly hewn altar of Beogh.
  6546 | Orc:2    | Found Xidacia's Magic Scroll Boutique.
  6552 | Orc:2    | Bought a scroll of teleportation for 45 gold pieces
  6614 | Orc:2    | Found a roughly hewn altar of Beogh.
  6705 | Orc:2    | Found a roughly hewn altar of Beogh.
  6740 | Orc:2    | Found a roughly hewn altar of Beogh.
  6763 | Orc:2    | Found Fab Ygomm's Book Shoppe.
  6870 | Orc:2    | Noticed an orc warlord
  6881 | Orc:2    | Reached skill level 10 in Invocations
  6893 | Orc:2    | Killed an orc warlord
  6929 | Orc:2    | Found Yhufraf's Antique Weapon Shoppe.
  6929 | Orc:2    | Found a roughly hewn altar of Beogh.
  6930 | Orc:2    | Found Boseip's Antique Armour Emporium.
  7002 | Orc:2    | Bought a scroll of identify for 30 gold pieces
  7002 | Orc:2    | Bought a scroll of identify for 30 gold pieces
  7002 | Orc:2    | Bought a scroll of fear for 52 gold pieces
  7002 | Orc:2    | Bought a scroll of enchant armour for 112 gold pieces
  7002 | Orc:2    | Bought a scroll of identify for 30 gold pieces
  7002 | Orc:2    | Bought 2 scrolls of enchant weapon for 225 gold pieces
  7002 | Orc:2    | Bought a scroll of fear for 52 gold pieces
  7333 | Snake:1  | Entered Level 1 of the Snake Pit
  7442 | Snake:1  | You fall through a shaft!
  7458 | Snake:2  | Noticed a nagaraja
  7701 | Snake:3  | Reached XP level 15. HP: 117/117 MP: 19/29
  7714 | Snake:3  | Found a white marble altar of Elyvilon.
  7734 | Snake:3  | HP: 1/117 [naga warrior/+0 halberd (6)]
  7734 | Snake:3  | Slain by a shock serpent

Skill      XL: |  1  2  3  4  5  6  7  8  9 10 11 12 13 14 |
---------------+-------------------------------------------+-----
Spellcasting   | 5 6 7 8 9 10 | 10.7
Short Blades   | 1 2 3 4 5 6 7 8 9 |  9.5
Axes           | 1 2 3 4 5 6 7 8 9 |  9.5
Maces & Flails | 1 2 3 4 5 6 7 8 9 |  9.5
Polearms       | 1 2 3 4 5 6 7 8 9 |  9.5
Staves         | 1 2 3 4 5 6 7 8 9 |  9.5
Slings         | 1 2 3 4 5 6 7 8 9 |  9.5
Bows           | 1 2 3 4 5 6 7 8 9 |  9.5
Crossbows      | 1 2 3 4 5 6 7 8 9 |  9.5
Throwing       | 1 2 3 4 5 6 7 8 9 |  9.5
Stealth        | 1 2 3 4 5 6 7 8 9 |  9.5
Shields        | 1 2 3 4 5 6 7 8 9 |  9.5
Unarmed Combat | 1 2 3 4 5 6 7 8 9 |  9.5
Invocations    | 1 2 3 4 5 6 7 8 9 10 | 10.3
Evocations     | 1 2 3 4 5 6 7 8 9 |  9.5
Conjurations   | 1 2 3 4 5 6 7 8 |  8.0
Hexes          | 1 2 3 4 5 6 7 8 |  8.0
Summonings     | 1 2 3 4 5 6 7 8 |  8.0
Necromancy     | 1 2 3 4 5 6 7 8 |  8.0
Translocations | 1 2 3 4 5 6 7 8 |  8.0
Transmutations | 1 2 3 4 5 6 7 8 |  8.0
Fire Magic     | 1 2 3 4 5 6 7 8 |  8.0
Ice Magic      | 1 2 3 4 5 6 7 8 |  8.0
Air Magic      | 1 2 3 4 5 6 7 8 |  8.0
Earth Magic    | 1 2 3 4 5 6 7 8 |  8.0
Poison Magic   | 1 2 3 4 5 6 7 8 |  8.0
Armour         | 3 4 5 6 7 8 9 |  9.9
Fighting       | 5 6 7 8 9 10 | 10.5
Long Blades    | 5 6 7 8 9 10 | 10.5
Dodging        | 5 6 7 8 9 10 | 10.5
Charms         | 6 7 8 9 |  9.7

Action                   |  1- 3 |  4- 6 |  7- 9 | 10-12 | 13-15 || total
-------------------------+-------+-------+-------+-------+-------++-------
Melee: Falchion          |    58 |   209 |   105 |       |       ||   372
       Bite              |     8 |    42 |    51 |   107 |   134 ||   342
       Punch             |       |     1 |     6 |    12 |     1 ||    20
       Dagger            |       |       |   283 |    78 |       ||   361
       Morningstar       |       |       |       |   135 |       ||   135
       Great sword       |       |       |       |   251 |   290 ||   541
       Scimitar          |       |       |       |    23 |     7 ||    30
       Glaive            |       |       |       |       |   239 ||   239
       Battleaxe         |       |       |       |       |    31 ||    31
 Fire: Blowgun           |       |       |     3 |       |       ||     3
 Cast: Infusion          |     1 |     4 |     7 |    10 |    12 ||    34
       Regeneration      |       |     5 |    27 |    59 |    65 ||   156
       Shroud of Golubri |       |     3 |    13 |    25 |    20 ||    61
       Song of Slaying   |       |     2 |     2 |     8 |     2 ||    14
       Passwall          |       |       |     1 |     4 |     9 ||    14
       Stone Arrow       |       |       |       |     5 |     6 ||    11
       Animate Skeleton  |       |       |       |    11 |   118 ||   129
       Apportation       |       |       |       |       |    40 ||    40
Invok: Slouch            |       |       |       |     1 |     7 ||     8
       Bend Time         |       |       |       |       |     3 ||     3
       Step From Time    |       |       |       |       |     1 ||     1
Evoke: Wand              |       |       |     9 |     2 |     5 ||    16
       Box of beasts     |       |       |       |       |     2 ||     2
       Phial of floods   |       |       |       |       |     1 ||     1
  Use: Scroll            |     4 |     3 |     3 |    17 |     9 ||    36
       Potion            |       |       |     6 |     7 |     3 ||    16
 Stab: Sleeping          |     1 |     3 |       |     1 |     1 ||     6
       Paralysed         |       |       |     4 |       |       ||     4
       Invisible         |       |       |     2 |    17 |       ||    19
       Distracted        |       |       |       |     1 |    11 ||    12
  Eat: Ration            |       |     1 |       |     1 |     2 ||     4
       Chunk             |       |       |     7 |     3 |     6 ||    16
Armor: Leather armour    |     8 |    42 |    29 |       |       ||    79
       Scale mail        |       |       |    76 |   108 |       ||   184
       Plate armour      |       |       |       |   163 |   215 ||   378
       Chain mail        |       |       |       |       |    43 ||    43
Dodge: Dodged            |    31 |   124 |   241 |   514 |   572 ||  1482
       Rpst.: Falchion   |     9 |    29 |    17 |       |       ||    55
       Great sword       |       |       |       |    80 |    72 ||   152
       Scimitar          |       |       |       |     8 |       ||     8
